 Dungeon Crawl Stone Soup version 0.31.0-11-ge490571c62 (webtiles) character file.

Game seed: 10068594217202128536

3662404 inti the Heavyweight Champion (level 27, 577/577 HPs)
             Began as a Troll Fighter on Feb 1, 2024.
             Was the Champion of Wu Jian.
             Escaped with the Orb
             ... and 5 runes on Feb 2, 2024!
             The game lasted 02:16:08 (58162 turns).

inti the Heavyweight Champion (Troll Fighter)      Turns: 58162, Time: 02:16:08

Health: 577/577    AC: 39    Str: 34    XL:     27
Magic:  38/38      EV: 25    Int: 11    God:    Wu Jian [******]
Gold:   6957       SH: 32    Dex: 13    Spells: 26/34 levels left

rFire   + +          .
                       - Unarmed
rCold   . . .        g - +10 tower shield of Ignorance {rN+ Int-4}
rNeg    + + +        p - melded +5 moon troll leather armour {Spirit, Regen++ MP+5}
rPois   ∞            M - +3 hat of Pondering {ponderous, Will+ MP+10 Int+5}
rElec   +            X - +0 cloak "Icwidghethe" {Fly rF+ Str+2}
rCorr   .            (gloves unavailable)
SInv    .            (boots unavailable)
Will    +++..        L - amulet of the King {RegenMP Rampage rF+} Stlth
                     E - +5 ring of evasion
HPRegen 1.96/turn    e - ring of Equivalence {rElec rPois rN+ EV+5}
MPRegen 0.66/turn

%: rampage
@: berserking, statue-form, flying, slow
A: slow and powerful, torment resistance 1, boosted hp, large, unfitting armour,
claws 3, regeneration 1, (shaggy fur 1), (tough skin 1), (iridescent scales 1),
deterioration 1, mutation resistance 1, MP-powered wands, persistent drain
0: Orb of Zot
}: 5/15 runes: serpentine, barnacled, slimy, silver, abyssal
a: Begin Untransformation, Renounce Religion, Wall Jump, Serpent's Lash,
Heavenly Storm


You escaped.
You worshipped Wu Jian.
Wu Jian was exalted by your worship.
You were a living statue of rough stone.
You visited 12 branches of the dungeon, and saw 56 of its levels.
You visited the Abyss 1 time.
You visited 1 bazaar.
You also visited: Ossuary, Bailey, Gauntlet and Ice Cave.

You collected 9218 gold pieces.
You spent 2261 gold pieces at shops.

Inventory:

Missiles
 q - 106 large rocks {=f}
 R - 13 silver javelins
Armour
 g - the +10 tower shield of Ignorance (worn) {rN+ Int-4}
   (You acquired it on level 4 of the Dungeon)

   Int-4:     It affects your intelligence (-4).
   rN+:       It protects you from negative energy.
 k - the +2 hat of the Blizzard {Fly rC+ Will+++ Str-5 Int-2}
   (You acquired it on level 4 of the Dungeon)

   Str-5:     It affects your strength (-5).
   Int-2:     It affects your intelligence (-2).
   rC+:       It protects you from cold.
   Will+++:   It greatly increases your willpower.
   Fly:       It grants you flight.
 p - the +5 moon troll leather armour (melded) {Spirit, Regen++ MP+5}
   (You bought it in a shop on level 3 of the Dungeon)

   MP+5:      It affects your magic capacity (+5).
   Regen++:   It increases your rate of health regeneration.
 M - the +3 hat of Pondering (worn) {ponderous, Will+ MP+10 Int+5}
   (You found it on level 5 of the Vaults)

   Int+5:     It affects your intelligence (+5).
   Will+:     It increases your willpower.
   MP+10:     It affects your magic capacity (+10).
 O - the +1 robe of Vines {NoPotionHeal Regen++++}
   (You found it on level 15 of the Dungeon)

   NoPotionHeal: Its wearer cannot be healed by potions.
   Regen++++: It increases your rate of health regeneration.
 P - the +4 dragonskin cloak
   (You took it off Tiamat on level 1 of the Realm of Zot)

   Avatar's Aegis: It grants the wearer a chance to resist fire, cold, poison,
   electricity, acid, and negative energy.
 U - the +2 hood of the Assassin {Detect Stab+ Stlth++}
   (You found it on level 2 of the Snake Pit)

   Detect:    It allows the wearer to sense nearby creatures.
   Stab+:     It allows the wearer to make particularly effective stabbing
   attacks against helpless or unaware enemies with any weapon.
   Stlth++:   It makes you much more stealthy.
 X - the +0 cloak "Icwidghethe" (worn) {Fly rF+ Str+2}
   (You found it in a Gauntlet)

   Str+2:     It affects your strength (+2).
   rF+:       It protects you from fire.
   Fly:       It grants you flight.
Jewellery
 e - the ring of Equivalence (right claw) {rElec rPois rN+ EV+5}
   (You found it on level 3 of the Realm of Zot)

   [ring of evasion]

   EV+5:      It affects your evasion (+5).
   rElec:     It insulates you from electricity.
   rPois:     It protects you from poison rN+: It protects you from negative
   energy.
 v - the ring of Cifes {rElec Int+3 Dex+4 SInv Stlth+}
   (You found it in a Gauntlet)

   [ring of see invisible]

   Int+3:     It affects your intelligence (+3).
   Dex+4:     It affects your dexterity (+4).
   rElec:     It insulates you from electricity.
   SInv:      It lets you see invisible.
   Stlth+:    It makes you more stealthy.
 E - a +5 ring of evasion (left claw)
 G - a ring of the Octopus King {HP+2 AC+2 EV+2 SH+2 SInv}
   (You took it off a tengu reaver on level 5 of the Vaults)

   [ring of see invisible]

   AC+2:      It affects your AC (+2).
   EV+2:      It affects your evasion (+2).
   HP+2:      It affects your health (+2).
   SInv:      It lets you see invisible.
   SH+2:      It affects your SH (+2).
 L - the amulet of the King (around neck) {RegenMP Rampage rF+}
   (You found it on level 1 of the Snake Pit)

   [amulet of magic regeneration]

   RegenMP:   It increases your rate of magic regeneration.
   rF+:       It protects you from fire.
   Rampage:   It bestows one free step when moving towards enemies.
 N - the dreamshard necklace {Acrobat *Dream}
   (You took it off a vault guard on level 5 of the Vaults)

   [amulet of the acrobat]

   *Dream:    It absorbs a single lethal wound into itself, holding its wearer
   just short of death and releasing dream-creatures to guard them.
   Acrobat:   It increases your evasion while moving and waiting.
Talismans
 W - a granite talisman (active)
Wands
 l - a wand of digging (22)
 J - a wand of light (47)
Scrolls
 a - 49 scrolls of identify {@r1}
 b - 2 scrolls of silence {!r}
 d - 10 scrolls of blinking {!r}
 j - 13 scrolls of revelation
 m - 12 scrolls of vulnerability {!r!r}
 n - 36 scrolls of teleportation {@r4}
 o - 9 scrolls of amnesia
 t - 4 scrolls of fear
 x - 12 scrolls of fog
 y - 11 scrolls of poison {!r}
 B - 12 scrolls of enchant armour
 D - a scroll of silence {!r!r}
 H - 8 scrolls of immolation {!r!r}
 S - 11 scrolls of enchant weapon
 V - a scroll of summoning
 Z - 7 scrolls of brand weapon
Potions
 c - 8 potions of might
 f - 12 potions of lignification {!q}
 h - 5 potions of resistance
 i - 14 potions of enlightenment
 r - 14 potions of heal wounds {@q2}
 s - 40 potions of curing {@q1}
 u - 8 potions of magic
 w - 2 potions of invisibility
 z - 9 potions of berserk rage {!q}
 A - 20 potions of ambrosia
 C - 4 potions of cancellation
 F - 16 potions of brilliance
 I - 5 potions of attraction {!q}
 K - 8 potions of mutation {!q}
 Q - 6 potions of haste {@q3}
Miscellaneous
 T - a lightning rod (4/4)
 Y - a phantom mirror


   Skills:
 + Level 21.1 Fighting
 + Level 14.3 Dodging
 + Level 22.4 Shields
 O Level 27 Unarmed Combat
 - Level 4.4 Spellcasting
 - Level 11.1 Translocations
 - Level 4.4 Air Magic
 - Level 23.3 Shapeshifting


You had 26 spell levels left.
You knew the following spells:

 Your Spells              Type           Power      Damage    Failure   Level
p - Passage of Golubria   Tloc           26%        N/A       3%          4
X - Vhi's Electric Charg  Tloc/Air       38%        N/A       12%         4

Your spell library contained the following spells:

 Spells                   Type           Power      Damage    Failure   Level
 Apportation              Tloc           52%        N/A       1%          1
 Blink                    Tloc           52%        N/A       1%          2
 Lesser Beckoning         Tloc           52%        N/A       1%          2
 Gell's Gravitas          Tloc           26%        N/A       1%          3
 Teleport Other           Tloc           26%        N/A       1%          3
 Manifold Assault         Tloc           26%        N/A       3%          4
 Volatile Blastmotes      Fire/Tloc      28%        2d12      9%          3
 Shock                    Conj/Air       28%        1d4       12%         1
 Swiftness                Air            12%        N/A       14%         3
 Mercury Vapours          Alch/Air       14%        N/A       19%         2
 Static Discharge         Conj/Air       14%        3-4/arc   19%         2
 Cigotuvi's Dreadful Rot  Necr/Alch/Air  10%        N/A       24%         2
 Kiss of Death            Conj/Necr      8%         2d6       28%         1
 Magic Dart               Conj           8%         1d3       28%         1
 Necrotise                Necr           8%         1d4       28%         1
 Slow                     Hex            8%         N/A       28%         1
 Sting                    Conj/Alch      8%         1d3       28%         1
 Summon Small Mammal      Summ           8%         N/A       28%         1
 Call Imp                 Summ           4%         N/A       41%         2
 Ensorcelled Hibernation  Hex/Ice        4%         N/A       41%         2
 Jinxbite                 Hex            4%         N/A       41%         2
 Scorch                   Fire           4%         2d5       41%         2
 Searing Ray              Conj           4%         2d4       41%         2
 Mephitic Cloud           Conj/Alch/Air  5%         N/A       43%         3
 Airstrike                Air            6%         2d(1-17)  43%         4
 Dispersal                Tloc           13%        N/A       43%         6
 Summon Forest            Summ/Tloc      7%         N/A       63%         5
 Confusing Touch          Hex            2%         N/A       65%         3
 Dazzling Flash           Conj/Hex       4%         N/A       65%         3
 Frozen Ramparts          Ice            4%         1d1       65%         3
 Fugue of the Fallen      Necr           2%         N/A       65%         3
 Hailstorm                Conj/Ice       2%         3d5       65%         3
 Inner Flame              Hex/Fire       2%         N/A       65%         3
 Ozocubu's Armour         Ice            2%         N/A       65%         3
 Passwall                 Erth           2%         N/A       65%         3
 Sigil of Binding         Hex            2%         N/A       65%         3
 Summon Ice Beast         Ice/Summ       2%         N/A       65%         3
 Tukima's Dance           Hex            2%         N/A       65%         3
 Vampiric Draining        Necr           2%         2d6       65%         3
 Summon Lightning Spire   Summ/Air       7%         N/A       75%         4
 Anguish                  Hex/Necr       1%         N/A       96%         4
 Animate Armour           Summ/Erth      4%         N/A       96%         4
 Animate Dead             Necr           2%         N/A       96%         4
 Cause Fear               Hex            1%         N/A       96%         4
 Dispel Undead            Necr           2%         3d7       96%         4
 Flame Wave               Conj/Fire      2%         2d4       96%         4
 Fulminant Prism          Conj/Alch      1%         3d5       96%         4
 Ignite Poison            Fire/Alch      2%         N/A       96%         4
 Leda's Liquefaction      Alch/Erth      1%         N/A       96%         4
 Petrify                  Alch/Erth      2%         N/A       96%         4
 Sticky Flame             Fire/Alch      2%         2d4       96%         4
 Summon Blazeheart Golem  Fire/Summ      2%         N/A       96%         4
 Arcjolt                  Conj/Air       3%         1d13      97%         5
 Silence                  Hex/Air        3%         N/A       97%         5
 Curse of Agony           Necr           2%         N/A       100%        5
 Iskenderun's Battlesphe  Conj           2%         2d6       100%        5
 Lee's Rapid Deconstruct  Erth           1%         3d4*      100%        5
 Metabolic Englaciation   Hex/Ice        1%         N/A       100%        5
 Summon Mana Viper        Hex/Summ       2%         N/A       100%        5
 Yara's Violent Unravell  Hex/Alch       1%         3d3       100%        5
 Bombard                  Conj/Erth      1%         9d1       100%        6
 Conjure Ball Lightning   Conj/Air       3%         3x3d6     100%        6
 Death Channel            Necr           1%         N/A       100%        6
 Eringya's Noxious Bog    Alch           1%         4d6       100%        6
 Plasma Beam              Fire/Air       3%         2x1d13    100%        6
 Sculpt Simulacrum        Ice/Alch       1%         N/A       100%        6
 Starburst                Conj/Fire      1%         6d3       100%        6
 Summon Cactus Giant      Summ           1%         N/A       100%        6
 Enfeeble                 Hex            1%         N/A       100%        7
 Haunt                    Necr/Summ      1%         N/A       100%        7
 Malign Gateway           Summ/Tloc      7%         N/A       100%        7
 Monstrous Menagerie      Summ           1%         N/A       100%        7
 Ozocubu's Refrigeration  Ice            1%         4d7       100%        7
 Spellforged Servitor     Conj/Summ      1%         N/A       100%        7
 Summon Hydra             Summ           1%         N/A       100%        7
 Borgnjor's Revivificati  Necr           1%         N/A       100%        8
 Discord                  Hex            1%         N/A       100%        8
 Disjunction              Tloc           13%        N/A       100%        8
 Infestation              Necr           1%         N/A       100%        8
 Lehudib's Crystal Spear  Conj/Erth      1%         10d2      100%        8
 Maxwell's Capacitive Co  Air            6%         ∞         100%        8
 Summon Horrible Things   Summ           1%         N/A       100%        8
 Chain Lightning          Conj/Air       3%         3d4       100%        9
 Dragon's Call            Summ           1%         N/A       100%        9
 Fire Storm               Conj/Fire      1%         7d1       100%        9
 Polar Vortex             Ice            1%         N/A       100%        9
 Shatter                  Erth           1%         3d5*      100%        9


Dungeon Overview and Level Annotations

Branches:
Dungeon (15/15)            Temple (1/1) D:4            Lair (5/5) D:8
 Shoals (4/4) Lair:2        Snake (4/4) Lair:2        Slime (5/5) Lair:4
    Orc (2/2) D:9             Elf (3/3) Orc:2        Vaults (5/5) D:14
  Crypt (3/3) Vaults:2       Tomb (0/3) Crypt:3      Depths (4/4) D:15
    Zot (5/5) Depths:4    Ossuary (visited)          Bailey (visited)
  IceCv (visited)         Gauntlet (visited)

Altars:
Ashenzari
Cheibriados
Dithmenos
Elyvilon
Fedhas
Gozag
Hepliaklqana
Kikubaaqudgha
Makhleb
Nemelex Xobeh
Okawaru
Qazlal
Ru
Sif Muna
Trog
Uskayaw
Vehumet
Wu Jian
Xom
Yredelemnul
Zin
The Shining One
Jiyva
Lugonu

Shops:
D:3 [   D:4 ?   D:11 *   D:14 *   D:15 [   Orc:2 *!=[   Elf:1 *   Elf:2 ([(
Elf:3 =:==   Shoals:3 *   Snake:3 [[(?   Snake:4 =   Vaults:1 (   Vaults:3 [
Depths:2 =(   Depths:3 [

Portals:
Hell: Depths:1 Depths:2 Depths:3 Depths:4
Abyss: Lair:5 Depths:3
Pandemonium: Depths:2
Ziggurat: Depths:2


Innate Abilities, Weirdness & Mutations

You are a living statue of rough stone.
Your actions are slow, but your melee attacks are powerful.
You are resistant to unholy torment.
Your maximum health is greatly increased.
Your equipment is partially melded.
You are too large for most types of armour.
You are immune to poison.
You have claws for hands.
Your natural rate of healing is unusually fast.
((You are covered in fur. (AC +1)))
((You have tough skin. (AC +1)))
((You are partially covered in iridescent scales. (AC +2)))
Your body sometimes deteriorates upon taking damage.
You are somewhat resistant to further mutation.
You expend magic power (3 MP) to strengthen your wands.
Your health recovers twice as slowly from being drained.


Message History

You fly upwards.
There is a stone staircase leading down here.
There is a stone staircase leading up here.
You fly upwards.
There is a stone staircase leading down here.
Kusyr comes into view.
A ynoxinul comes into view.
You scratch Kusyr. You block Kusyr's attack.
You scratch Kusyr but do no damage. Kusyr hits you but does no damage.
You eviscerate Kusyr!!!!
Unknown command.
You scratch Kusyr but do no damage. You block Kusyr's attack.
You block the ynoxinul's attack.
Unknown command.
You eviscerate Kusyr!!!!
You kill Kusyr!
The Council accepts your kill. The ynoxinul misses you.
Unknown command.
You eviscerate the ynoxinul!!!
You kill the ynoxinul!
The Council accepts your kill.
Unknown command.
No target in view!
Deactivating autopickup; reactivate with Ctrl-A.
You claw something!
Unknown command.
You claw something!
Unknown command.
You miss something. Something hits you!
You feel your power leaking away.
You eviscerate something!!!! The Council accepts your kill.
Reactivating autopickup.
You feel a bit more experienced.
You hear a roar!
There is a stone staircase leading up here.
Unknown command.
You fly upwards.
There is a stone staircase leading down here.
Autopickup is now off.
Autopickup is now on.
Unknown command.
There is a staircase leading out of the dungeon here.
Unknown command.
A red film seems to cover your vision as you go berserk!
You feel yourself moving faster!
You feel mighty!
Unknown command.
You feel a strong urge to attack something.
You have escaped!

♣♣♣♣♣♣ ♣
♣♣♣P♣.P♣♣♣♣♣♣
≈≈≈♣♣♣....♣..P...♣♣
≈≈≈♣
♣.♣.♣♣♣♣♣..8..♣♣ ≈♣
♣♣.♣♣ ♣......♣ ♣♣
♣.♣♣ ♣.♣..♣♣♣ ♣♣.♣♣
♣♣..♣♣ ♣♣.♣ ♣♣.♣♣
♣♣♣..♣ ♣..♣ ♣
♣♣..♣♣♣ ♣♣.♣ ♣♣
♣♣.♣♣♣ ♣.♣ .♣♣♣.♣♣
♣♣♣.♣


There were no monsters in sight!

Vanquished Creatures
  3 pandemonium lords
  the Royal Jelly (Slime:5)
  An ancient lich (Zot:5)
  6 dread liches
  Tiamat (Zot:1)
  4 orbs of fire
  Mara (Depths:1)
  Xtahua (Crypt:3)
  A juggernaut (Depths:3)
  Sojobo (Crypt:3)
  Bai Suzhen (Shoals:3)
  Parghit (Zot:1)
  11 Killer Klowns
  A shard shrike (IceCv)
  2 curse toes
  A caustic shrike (Depths:1)
  10 golden dragons
  6 electric golems
  A Brimstone Fiend (Depths:2)
  2 Tzitzimimeh
  15 tentacled monstrosities
  Jorgrun (D:15)
  4 deep elf blademasters (Elf:3)
  27 Orb Guardians
  6 liches
  11 quicksilver dragons
  16 titans
  An Ice Fiend (D:13)
  7 sphinxes
  22 acid blobs
  4 deep elf master archers (Elf:3)
  9 death cobs
  4 krakens
  A tentacled starspawn (Abyss:4)
  An ancient champion (Crypt:1)
  An Executioner (Zot:1)
  Gastronok (D:10)
  22 storm dragons
  Donald (Crypt:1)
  10 tengu reavers
  Aizul (Vaults:2)
  10 shadow dragons
  3 revenants
  15 nagarajas (Snake:4)
  Roxanne (Elf:1)
  14 rockslimes
  3 draconian knights
  5 draconian monks
  14 fire giants
  7 deep elf sorcerers
  13 azure jellies
  8 protean progenitors
  4 draconian scorchers
  11 vault wardens
  2 draconian shifters
  2 balrugs
  The ghost of arta456 the Destroyer, a journeyman DgCj (Snake:3)
  4 iron dragons
  A caustic shrike zombie (Crypt:3)
  16 frost giants
  4 deep elf elementalists (Elf:3)
  5 ghost moths
  A curse skull (Crypt:2)
  A demonspawn corrupter (D:15)
  5 ghouls
  A reaper (Crypt:2)
  A cacodemon (Depths:4)
  12 quicksilver oozes
  8 draconian stormcallers
  2 spriggan defenders (Depths:3)
  20 ironbound preservers
  31 very ugly things
  6 draconian annihilators
  4 orc warlords
  6 formless jellyfish
  22 stone giants
  16 green draconians
  11 ironbound thunderhulks
  8 deep elf death magi
  5 deep elf demonologists
  11 vampire knights
  Nessos (Lair:5)
  14 red draconians
  8 deep elf annihilators
  12 black draconians
  A demonspawn black sun (D:15)
  A lorocyproca (D:2)
  2 minotaurs
  16 purple draconians
  6 yellow draconians
  14 white draconians
  7 war gargoyles
  7 dire elephants
  3 crystal guardians (Crypt:3)
  17 ettins
  6 spark wasps
  4 eidola
  2 blizzard demons
  6 merfolk impalers
  A merfolk javelineer (Shoals:4)
  2 entropy weavers (Vaults:2)
  15 fire dragons
  A spriggan zombie (Crypt:3)
  7 jiangshi
  A shambling mangrove (D:15)
  A quicksilver dragon zombie (Vaults:4)
  17 yaktaur captains
  3 deep elf high priests (Elf:3)
  14 great orbs of eyes
  3 jorogumos (Zot:1)
  2 ogre magi
  5 rakshasas
  38 vault guards
  12 hydras
  6 spriggan air magi
  2 salamander tyrants (Snake:4)
  25 ice dragons
  Erolcha (Orc:2)
  5 peacekeepers
  2 merfolk avatars
  A ghost crab (Gauntlet)
  10 centaur warriors
  2 death knights (Crypt:1)
  5 boulder beetles
  14 naga warriors
  Erica (D:7)
  30 dancing weapons
  15 satyrs
  18 ironbound frosthearts
  10 deep troll shamans
  10 anacondas
  2 alligator snapping turtles
  3 tengu warriors (Depths:2)
  15 deep troll earth magi
  7 two-headed ogres
  9 spriggan berserkers
  3 thrashing horrors (Lair:5)
  6 orc high priests
  9 vampire magi
  4 occultists
  3 sun demons
  6 shock serpents
  4 soul eaters
  17 naga sharpshooters
  4 wretched stars
  6 iron trolls
  8 hell knights
  25 deep elf knights
  9 skysharks
  A goliath frog (shapeshifter) (Vaults:5)
  2 sixfirhies (Depths:4)
  A salamander mystic (Snake:4)
  16 skeletal warriors
  9 glowing orange brains
  A glowing orange brain (shapeshifter) (Depths:4)
  A death drake (shapeshifter) (Vaults:5)
  A golden dragon zombie (Crypt:3)
  An anaconda zombie (Crypt:1)
  2 bunyip skeletons
  56 deep trolls
  A bog body (Crypt:1)
  11 sea snakes
  A sea snake (shapeshifter) (Vaults:5)
  17 deep elf archers
  4 flayed ghosts
  5 naga ritualists
  9 mana vipers
  11 arcanists
  30 harpies
  A steelbarb worm (shapeshifter) (Vaults:5)
  Pikel (D:6)
  An obsidian statue (Zot:5)
  15 ironbound convokers
  An orange crystal statue (IceCv)
  3 large abominations
  7 phantasmal warriors
  An eleionoma zombie (Crypt:1)
  22 deep elf zephyrmancers
  A shadow dragon zombie (Vaults:4)
  14 necromancers
  A golden dragon skeleton (Crypt:2)
  6 lindwurms
  28 deep elf pyromancers
  9 shining eyes
  10 orc knights
  63 ugly things
  5 oklob plants
  A cyclops (shapeshifter) (Depths:1)
  32 manticores
  A shining eye (shapeshifter) (Elf:1)
  3 cyclopes
  11 orc sorcerers
  A moth of wrath (shapeshifter) (Elf:1)
  8 meliai
  14 fauns
  An ice statue (Vaults:4)
  A stone giant skeleton (Crypt:1)
  7 merfolk sirens
  5 guardian serpents
  26 moths of wrath
  10 vault sentinels
  Joseph (D:7)
  7 salamanders
  7 kobold blastminers
  3 elephants (Lair:5)
  3 centaur zombies (D:15)
  3 water nymphs
  33 black mambas
  3 eyes of devastation
  17 naga magi
  A frost giant skeleton (Vaults:4)
  An alligator snapping turtle zombie (Crypt:2)
  11 cane toads
  3 water nymphs (shapeshifter)
  A dire elephant skeleton (Crypt:3)
  A minotaur zombie (Crypt:1)
  8 komodo dragons
  A cane toad (shapeshifter) (D:15)
  3 smoke demons
  4 unseen horrors
  3 centaur skeletons
  A formless jellyfish zombie (Crypt:2)
  A hellion (D:14)
  3 kobold demonologists
  27 yaktaurs
  2 orange demons (Depths:4)
  20 rime drakes
  4 freezing wraiths
  An efreet (D:13)
  A spectral salamander (Snake:3)
  2 tengu conjurers (Depths:2)
  A guardian mummy (Zot:2)
  A harpy zombie (Crypt:3)
  A minotaur skeleton (Crypt:3)
  2 queen bees
  2 hellwings
  17 polar bears
  23 merfolk
  4 hornets
  5 trolls
  A polar bear (shapeshifter) (Elf:1)
  A tengu simulacrum (Vaults:4)
  2 harpy skeletons (Crypt:3)
  6 snapping turtles
  35 blink frogs
  A wind drake (shapeshifter) (D:14)
  8 dream sheep
  A boulder beetle zombie (Crypt:2)
  Prince Ribbit (D:7)
  4 wind drakes
  9 glass eyes
  3 raiju (Lair:5)
  A fire dragon zombie (Crypt:3)
  18 water elementals
  83 slime creatures
  5 air elementals
  3 shadows
  A centaur simulacrum (D:15)
  A shock serpent simulacrum (Snake:3)
  4 spriggans
  8 wraiths
  12 small abominations
  4 ynoxinuls
  A basilisk (shapeshifter) (Elf:1)
  5 basilisks
  25 yaks
  5 humans (D:14)
  3 steam dragons
  10 wyverns
  10 golden eyes
  A golden eye (shapeshifter) (D:15)
  4 fire elementals
  A hog (shapeshifter) (Elf:1)
  A yaktaur simulacrum (Vaults:4)
  5 vampire mosquitoes
  3 chaos spawn
  4 wargs
  An elf skeleton (Vaults:4)
  Menkaure (D:7)
  39 nagas
  A naga zombie (Crypt:3)
  An acid dragon (D:10)
  4 hell hounds (Depths:4)
  2 naga skeletons (Crypt:1)
  15 water moccasins
  4 sky beasts
  A meliai simulacrum (D:15)
  50 orc warriors
  4 ice beasts
  36 laughing skulls
  11 ogres
  3 black bears
  10 boggarts
  A crocodile (shapeshifter) (Elf:1)
  24 wolves
  A black mamba simulacrum (Snake:3)
  19 centaurs
  A blink frog skeleton (Crypt:1)
  A fire crab zombie (Crypt:1)
  2 phantoms
  A rime drake skeleton (Crypt:2)
  5 kobold brigands
  3 elf zombies (Ossuary)
  10 bullfrogs
  3 earth elementals
  4 necrophages
  4 scorpions
  A salamander skeleton (Crypt:2)
  13 wights
  A water moccasin skeleton (Crypt:2)
  A yak zombie (Crypt:1)
  2 spectral nagas (Snake:3)
  10 howler monkeys
  33 killer bees
  A raiju skeleton (Crypt:1)
  5 electric eels
  A spriggan skeleton (Crypt:2)
  2 bombardier beetles (D:5)
  5 naga simulacra
  5 hounds
  A human zombie (Ossuary)
  28 orc priests
  2 jellies
  4 sleepcaps
  5 iguanas
  26 orc wizards
  A black bear skeleton (Crypt:2)
  8 hound zombies (Ossuary)
  2 mummies (Ossuary)
  5 gnolls (D:3)
  11 adders
  3 shadow imps
  3 white imps
  5 adder zombies (Ossuary)
  An adder skeleton (Crypt:1)
  2 ribbon worms
  2 dart slugs
  131 orcs
  9 ball pythons
  3 endoplasms
  2 giant cockroaches
  7 gnoll zombies (Ossuary)
  11 goblins
  9 hobgoblins
  10 jackals
  4 quokkas
  4 bats
  6 frilled lizards
  5 jackal zombies (Ossuary)
  21 kobolds
  A kobold skeleton (Crypt:1)
  5 kobold zombies (Ossuary)
  2 orc zombies (Ossuary)
  A quokka skeleton (Crypt:2)
  9 rats
  A rat zombie (Crypt:1)
  7 aspiring fleshes
  A ball lightning (D:13)
  11 tentacles
2804 creatures vanquished.

Vanquished Creatures (collateral kills)
  A polar bear (Lair:5)
1 creature vanquished.

Vanquished Creatures (others)
  A pandemonium lord (D:13)
  A vault guard (D:14)
  A deep elf knight (Elf:2)
  A deep elf pyromancer (Elf:3)
  A deep elf zephyrmancer (Elf:3)
  An ice devil (Zot:1)
  2 golden eyes (Slime:5)
  A laughing skull (Crypt:3)
  3 orcs
  2 ball lightnings (D:13)
  3 starspawn tentacles (Abyss:4)
  22 tentacles
39 creatures vanquished.

Grand Total: 2844 creatures vanquished

Notes
Turn   | Place    | Note
-------+----------+-------------------------------------------
     0 | D:1      | inti the Troll Fighter began the quest for the Orb.
     0 | D:1      | Reached XP level 1. HP: 22/22 MP: 0/0
   155 | D:1      | Reached XP level 2. HP: 24/29 MP: 1/1
   568 | D:1      | Reached XP level 3. HP: 36/36 MP: 2/2
   888 | D:2      | Reached skill level 3 in Shields
   978 | D:2      | Identified the +1 robe of the Harp {Harm rC+}
  1006 | D:2      | Reached skill level 3 in Unarmed Combat
  1063 | D:2      | Reached XP level 4. HP: 44/44 MP: 3/3
  1519 | D:3      | Found a basalt altar of Yredelemnul.
  1615 | D:3      | Noticed an ogre
  1622 | D:3      | Killed an ogre
  1623 | D:3      | Reached skill level 3 in Fighting
  1623 | D:3      | Reached skill level 3 in Dodging
  1623 | D:3      | Reached XP level 5. HP: 40/53 MP: 4/4
  1651 | D:3      | Found a sacrificial altar of Ru.
  1747 | D:3      | Found Miew's Antique Armour Emporium.
  1788 | D:3      | Found a faded altar of an unknown god.
  1813 | D:3      | Found a broken altar of Ashenzari.
  1814 | D:3      | Found a shimmering blue altar of Sif Muna.
  1833 | D:3      | Reached skill level 4 in Unarmed Combat
  2032 | D:3      | Reached XP level 6. HP: 61/61 MP: 5/5
  2217 | D:4      | Found Jexaequb's Magic Scroll Boutique.
  2220 | D:4      | Bought a scroll of blinking for 75 gold pieces
  2220 | D:4      | Bought a scroll of fear for 40 gold pieces
  2589 | D:4      | Found a staircase to the Ecumenical Temple.
  2761 | D:4      | Noticed a sky beast
  2775 | D:4      | Killed a sky beast
  2776 | D:4      | Reached skill level 5 in Unarmed Combat
  2776 | D:4      | Reached XP level 7. HP: 48/68 MP: 6/6
  3057 | Temple   | Entered the Ecumenical Temple
  3077 | Temple   | Became a worshipper of the Wu Jian Council
  3148 | D:4      | Identified 2 scrolls of acquirement
  3148 | D:4      | Acquired the +10 tower shield of Ignorance {rN+ Int-4}
  3148 | D:4      | Found the +10 tower shield of Ignorance {rN+ Int-4}
  3215 | D:5      | Entered Level 5 of the Dungeon
  3340 | D:5      | Found a sand-covered staircase.
  3350 | Ossuary  | Entered an ossuary
  3438 | Ossuary  | Reached skill level 6 in Unarmed Combat
  3438 | Ossuary  | Reached * piety under Wu Jian
  3482 | Ossuary  | Reached XP level 8. HP: 76/78 MP: 7/7
  3752 | D:5      | Found a shimmering altar of Xom.
  3937 | D:5      | Found a blossoming altar of Fedhas.
  4095 | D:5      | Reached ** piety under Wu Jian
  4154 | D:5      | Found a radiant altar of Vehumet.
  4364 | D:5      | Found a bloodstained altar of Trog.
  4591 | D:6      | Reached skill level 7 in Unarmed Combat
  4785 | D:6      | Noticed Pikel
  4810 | D:6      | Killed Pikel
  4811 | D:6      | Reached skill level 8 in Unarmed Combat
  4811 | D:6      | Reached XP level 9. HP: 78/88 MP: 8/8
  5032 | D:7      | Noticed Menkaure
  5037 | D:7      | Killed Menkaure
  5084 | D:7      | Noticed Prince Ribbit
  5096 | D:7      | Killed Prince Ribbit
  5096 | D:7      | Reached *** piety under Wu Jian
  5097 | D:7      | Reached skill level 6 in Shields
  5184 | D:7      | Found a flagged portal.
  5197 | Bailey   | Entered a bailey
  5219 | Bailey   | Reached skill level 9 in Unarmed Combat
  5606 | Bailey   | Identified the +4 orcbow "Egg" {speed, rPois}
  5965 | D:7      | Reached XP level 10. HP: 98/98 MP: 9/9
  5978 | D:7      | Reached skill level 6 in Fighting
  5978 | D:7      | Reached skill level 6 in Dodging
  5984 | D:7      | Noticed a two-headed ogre
  5986 | D:7      | Reached **** piety under Wu Jian
  5993 | D:7      | Killed a two-headed ogre
  6047 | D:7      | Reached skill level 10 in Unarmed Combat
  6394 | D:7      | Noticed Joseph
  6407 | D:7      | Killed Joseph
  6653 | D:8      | Noticed a white ugly thing
  6659 | D:8      | Noticed Erica
  6718 | D:7      | Killed Erica
  6805 | D:7      | Killed a white ugly thing
  6885 | D:8      | Reached skill level 11 in Unarmed Combat
  6904 | D:8      | Reached XP level 11. HP: 107/107 MP: 10/10
  7365 | D:8      | Found a staircase to the Lair.
  8046 | D:9      | Reached ***** piety under Wu Jian
  8088 | D:9      | Found a staircase to the Orcish Mines.
  8669 | D:10     | Entered Level 10 of the Dungeon
  8985 | D:10     | Noticed Gastronok
  8993 | D:10     | Noticed a sixfirhy
  9005 | D:10     | Killed Gastronok
  9006 | D:10     | Reached skill level 12 in Unarmed Combat
  9363 | Lair:1   | Entered Level 1 of the Lair of Beasts
  9736 | Lair:1   | Reached XP level 12. HP: 119/119 MP: 11/11
 10127 | Lair:1   | Reached skill level 13 in Unarmed Combat
 10531 | Lair:2   | Reached skill level 9 in Shields
 10667 | Lair:2   | Reached ****** piety under Wu Jian
 11029 | Lair:2   | Found a staircase to the Snake Pit.
 11337 | Lair:2   | Found a staircase to the Shoals.
 11989 | Lair:3   | Reached skill level 14 in Unarmed Combat
 12277 | Lair:3   | Reached XP level 13. HP: 130/130 MP: 12/12
 12513 | Lair:3   | Reached skill level 9 in Dodging
 12642 | Lair:3   | Reached skill level 9 in Fighting
 13338 | Lair:4   | Found a staircase to the Slime Pits.
 14008 | Lair:5   | Entered Level 5 of the Lair of Beasts
 14132 | Lair:5   | Found a gate leading to a gauntlet.
 14184 | Gauntlet | Entered a Gauntlet
 14184 | Gauntlet | Found a large runed translucent door.
 14184 | Gauntlet | Found a large runed translucent door.
 14184 | Gauntlet | Found a large runed translucent door.
 14184 | Gauntlet | Found a large runed translucent door.
 14184 | Gauntlet | Found a runed translucent door.
 14184 | Gauntlet | Found a large runed translucent door.
 14184 | Gauntlet | Found a large runed translucent door.
 14184 | Gauntlet | Found a transporter.
 14184 | Gauntlet | Found a transporter.
 14184 | Gauntlet | Found a large runed translucent door.
 14184 | Gauntlet | Found a large runed translucent door.
 14184 | Gauntlet | Found a runed translucent gate.
 14184 | Gauntlet | Found a runed translucent gate.
 14184 | Gauntlet | Found a transporter.
 14184 | Gauntlet | Found a transporter.
 14193 | Gauntlet | Found a transporter.
 14203 | Gauntlet | Found a transporter.
 14262 | Gauntlet | Found a runed translucent door.
 14263 | Gauntlet | Found a large runed translucent door.
 14263 | Gauntlet | Found a large runed translucent door.
 14263 | Gauntlet | Found a large runed translucent door.
 14263 | Gauntlet | Found a large runed translucent door.
 14264 | Gauntlet | Found a large runed translucent door.
 14264 | Gauntlet | Found a large runed translucent door.
 14265 | Gauntlet | Found a large runed translucent door.
 14265 | Gauntlet | Found a large runed translucent door.
 14269 | Gauntlet | Found a transporter.
 14279 | Gauntlet | Found a transporter.
 14294 | Gauntlet | Found a transporter.
 14304 | Gauntlet | Found a transporter.
 14319 | Gauntlet | Found a transporter.
 14325 | Gauntlet | Found a transporter.
 14348 | Gauntlet | Found a runed translucent gate.
 14416 | Gauntlet | Identified the +0 cloak "Icwidghethe" {Fly rF+ Str+2}
 14452 | Gauntlet | Noticed a minotaur
 14464 | Gauntlet | Killed a minotaur
 14501 | Gauntlet | Got the Secrets of Mutagenic Debased Words
 14505 | Gauntlet | Identified the ring of Cifes {rElec Int+3 Dex+4 SInv
                  | Stlth+}
 14509 | Gauntlet | Identified the +0 fire dragon scales "Xuivotiyl" {rF++ rC-
                  | Str+2 Int+4}
 14511 | Gauntlet | Identified the +0 fire dragon scales of Minor Irritation
                  | {-Tele rF++ rC- Str-5 Int+3 Dex+7}
 14818 | Lair:5   | Reached skill level 15 in Unarmed Combat
 15026 | Lair:5   | Noticed Nessos
 15030 | Lair:5   | Killed Nessos
 15630 | Lair:5   | Reached XP level 14. HP: 128/141 MP: 13/13
 15669 | Lair:5   | Found a corrupted altar of Lugonu.
 15669 | Lair:5   | Found a one-way gate to the infinite horrors of the Abyss.
 16330 | Orc:1    | Entered Level 1 of the Orcish Mines
 16351 | D:9      | Reached skill level 16 in Unarmed Combat
 16367 | D:9      | Acquired the +2 hat of the Blizzard {Fly rC+ Will+++ Str-5
                  | Int-2}
 16368 | D:9      | Acquired 880 gold pieces
 16625 | Orc:1    | Noticed an orc warlord
 16660 | Orc:1    | Killed an orc warlord
 16937 | Orc:2    | Entered Level 2 of the Orcish Mines
 17222 | Orc:2    | Noticed Erolcha
 17229 | Orc:2    | Killed Erolcha
 17440 | Orc:2    | Paralysed by an orc sorcerer for 3 turns
 17571 | Orc:2    | Found Xuhe's Antique Armour Boutique.
 17619 | Orc:2    | Found Biquew's Jewellery Shop.
 17638 | Orc:2    | Reached skill level 17 in Unarmed Combat
 17839 | Orc:2    | Noticed an orc warlord
 17855 | Orc:2    | Killed an orc warlord
 18079 | Orc:2    | Found a staircase to the Elven Halls.
 18219 | Orc:2    | Noticed an orc warlord
 18250 | Orc:2    | Paralysed by an orc sorcerer for 5 turns
 18308 | Orc:2    | Paralysed by an orc sorcerer for 2 turns
 18343 | Orc:2    | Killed an orc warlord
 18363 | Orc:2    | Found Yzodytesh's General Store.
 18381 | Orc:2    | Bought a scroll of blinking for 97 gold pieces
 18381 | Orc:2    | Bought a scroll of teleportation for 39 gold pieces
 18414 | Orc:2    | Reached skill level 1 in Shapeshifting
 18485 | Orc:2    | Reached XP level 15. HP: 90/152 MP: 14/14
 18560 | Orc:2    | Found Pionkouvu's Distillery.
 18604 | Orc:2    | Bought a potion of heal wounds for 60 gold pieces
 18910 | D:3      | Bought the +5 moon troll leather armour {Spirit, Regen++
                  | MP+5} for 1428 gold pieces
 18910 | D:3      | Found the +5 moon troll leather armour {Spirit, Regen++
                  | MP+5}
 19187 | Orc:2    | Bought a shiny kite shield for 247 gold pieces
 19375 | D:11     | Reached skill level 3 in Shapeshifting
 19508 | D:11     | Identified the +1 leather armour of Rotation {Regen+ Str+3}
 19535 | D:11     | Found Gohik's Assorted Antiques.
 19540 | D:11     | Bought a green potion for 21 gold pieces
 19540 | D:11     | Bought a scroll of teleportation for 72 gold pieces
 19677 | D:11     | Got the Compilation of Assembled Conjury
 19679 | D:11     | Identified the +9 war axe "Kuiqekk" {freeze, rPois rCorr
                  | Str+3 Stlth+}
 20091 | D:12     | You are sucked into a shaft and drop 3 floors!
 20091 | D:15     | Entered Level 15 of the Dungeon
 20091 | D:15     | Found Raifiugh's Armour Shop.
 20175 | D:15     | Found the +1 robe of Vines {NoPotionHeal Regen++++}
 20309 | D:15     | Reached skill level 6 in Shapeshifting
 20501 | D:15     | Noticed Jorgrun
 20514 | D:15     | Killed Jorgrun
 20761 | D:15     | Found a staircase to the Depths.
 21324 | D:14     | Reached skill level 9 in Shapeshifting
 21516 | D:14     | Found Gelloerch's General Store.
 21519 | D:14     | Bought 2 potions of heal wounds for 140 gold pieces
 21519 | D:14     | Bought a potion of curing for 42 gold pieces
 23696 | D:14     | Reached XP level 16. HP: 161/161 MP: 15/15
 23716 | D:14     | Found a gate to the Vaults.
 24118 | Shoals:1 | Entered Level 1 of the Shoals
 24413 | Shoals:1 | Reached skill level 12 in Shapeshifting
 24650 | Shoals:1 | Got the Vellum of the Retinue
 24826 | Shoals:1 | Found a hide-covered altar of Uskayaw.
 24841 | Shoals:1 | Noticed a kraken
 24852 | Shoals:1 | Killed a kraken
 24946 | Shoals:1 | Noticed a kraken
 24958 | Shoals:1 | Killed a kraken
 25401 | Shoals:2 | Noticed a kraken
 25910 | Shoals:2 | Killed a kraken
 26739 | Shoals:3 | Found Orghyuse's Gadget Gallery.
 27017 | Shoals:3 | Noticed Bai Suzhen
 27033 | Shoals:3 | Killed Bai Suzhen
 27064 | Shoals:3 | Reached skill level 15 in Shapeshifting
 27320 | Shoals:3 | Reached XP level 17. HP: 98/169 MP: 8/16
 27519 | Snake:1  | Entered Level 1 of the Snake Pit
 28504 | Snake:1  | Identified the amulet of the King {RegenMP Rampage rF+}
 28854 | Snake:2  | Reached skill level 12 in Shields
 29300 | Snake:2  | Found the +2 hood of the Assassin {Detect Stab+ Stlth++}
 29711 | Snake:3  | Found Zeguvaka's Armour Emporium.
 29713 | Snake:3  | Found Qeth's Magic Scroll Shoppe.
 29713 | Snake:3  | Found Maid's Antique Armour Emporium.
 29718 | Snake:3  | Found Ebbeal Qane's Weapon Shoppe.
 29865 | Snake:3  | Found a runed translucent gate.
 29865 | Snake:3  | Found a runed translucent gate.
 29866 | Snake:3  | Found a runed translucent gate.
 29869 | Snake:3  | Noticed arta456's ghost (journeyman DgCj)
 29894 | Snake:3  | Reached skill level 18 in Unarmed Combat
 30318 | Snake:3  | Killed arta456's ghost
 30330 | Snake:3  | Acquired a manual of Unarmed Combat
 30358 | Snake:4  | Entered Level 4 of the Snake Pit
 30439 | Snake:4  | Found Jesogeg's Jewellery Boutique.
 30579 | Snake:4  | Reached XP level 18. HP: 180/180 MP: 17/17
 30582 | Snake:4  | Reached skill level 19 in Unarmed Combat
 30834 | Snake:4  | Got a serpentine rune of Zot
 31293 | Shoals:4 | Entered Level 4 of the Shoals
 31300 | Shoals:4 | Reached skill level 12 in Fighting
 31353 | Shoals:4 | Reached skill level 20 in Unarmed Combat
 31565 | Shoals:4 | Got a barnacled rune of Zot
 31594 | Shoals:4 | Reached skill level 21 in Unarmed Combat
 32213 | Elf:1    | Entered Level 1 of the Elven Halls
 32267 | Elf:1    | Noticed Roxanne
 32274 | Elf:1    | Killed Roxanne
 32407 | Elf:1    | Reached XP level 19. HP: 191/191 MP: 18/18
 32616 | Elf:1    | Gained mutation: You occasionally shout uncontrollably at
                  | your foes. [a shining eye]
 32617 | Elf:1    | Gained mutation: Your spells are a little easier to cast,
                  | but a little less powerful. [a shining eye]
 32624 | Elf:1    | Got the Tome of the Non-Euclidean Wendigo
 32637 | Elf:1    | Got the Secrets of Location
 32854 | Elf:1    | Found Ynuyne's Overcharged Wands.
 33023 | Elf:1    | Learned a level 4 spell: Vhi's Electric Charge
 33123 | Elf:2    | Found a glacial archway.
 33129 | IceCv    | Entered an ice cave
 33508 | IceCv    | Noticed a shard shrike
 33520 | IceCv    | Killed a shard shrike
 33898 | Elf:2    | Reached skill level 22 in Unarmed Combat
 34014 | Elf:2    | Found Hoaz Xikh's Antique Weapon Boutique.
 34096 | Elf:2    | Found a runed translucent gate.
 34096 | Elf:2    | Found a runed translucent gate.
 34096 | Elf:2    | Found a runed translucent gate.
 34157 | Elf:2    | Paralysed by an air elemental for 1 turns
 34208 | Elf:2    | Found Kar Nuj's Antique Weapon Emporium.
 34208 | Elf:2    | Found Bouthiga's Antique Armour Boutique.
 35007 | Elf:3    | Entered Level 3 of the Elven Halls
 35049 | Elf:3    | Found Dielog's Jewellery Boutique.
 35144 | Elf:3    | Reached XP level 20. HP: 130/202 MP: 19/19
 35561 | Elf:3    | Reached skill level 18 in Shapeshifting
 35566 | Elf:3    | Identified the ring "Yrrestrunk" {rCorr Str+4 Slay+2}
 35611 | Elf:3    | Reached skill level 23 in Unarmed Combat
 35696 | Elf:3    | Found Wadghin's Jewellery Boutique.
 35696 | Elf:3    | Found Vessoc's Book Shoppe.
 35697 | Elf:3    | Found Gayjing's Jewellery Boutique.
 35753 | Elf:3    | Identified the +7 chain mail of Panentheism {Slay+3}
 35836 | Elf:3    | Identified the +5 morningstar "Boifroj" {freeze, rPois}
 35860 | Elf:3    | Identified the staff of Kesk {+Blink rF+ Int-2 Dex+8 Necro
                  | Fire}
 35862 | Elf:3    | Got Sif Muna's Vademecum on Cursed Arcane Combat
 35869 | Elf:3    | Got the Verses on Dark Gusts
 36525 | Vaults:1 | Entered Level 1 of the Vaults
 36915 | Vaults:1 | Reached skill level 15 in Shields
 36923 | Vaults:1 | Found Voilinub's Weapon Boutique.
 37983 | Vaults:2 | Found a staircase to the Crypt.
 37983 | Vaults:2 | Found an ancient bone altar of Kikubaaqudgha.
 37983 | Vaults:2 | Found a basalt altar of Yredelemnul.
 38101 | Vaults:2 | Reached XP level 21. HP: 214/214 MP: 20/20
 38185 | Vaults:2 | Identified the serpent talisman "Tuveng" {Str+3}
 38185 | Vaults:2 | Noticed Aizul
 38202 | Vaults:2 | Killed Aizul
 38375 | Vaults:2 | Found the +13 scythe of Curses {drain, curses, ^Drain}
 38505 | Vaults:3 | Reached skill level 24 in Unarmed Combat
 38520 | Vaults:3 | Found Ahunois's Antique Armour Shoppe.
 39881 | Vaults:4 | Found a gateway to a bazaar.
 39887 | Bazaar   | Entered a bazaar
 39894 | Bazaar   | Found Kuch's Jewellery Shop.
 39920 | Bazaar   | Found Vaojeggu's Antique Armour Shop.
 40973 | Crypt:1  | Entered Level 1 of the Crypt
 41117 | Crypt:1  | Noticed Donald
 41139 | Crypt:1  | Reached XP level 22. HP: 226/226 MP: 21/21
 41142 | Crypt:1  | Killed Donald
 41407 | Crypt:1  | Reached skill level 15 in Fighting
 41455 | Crypt:1  | Reached skill level 25 in Unarmed Combat
 41765 | Crypt:2  | Identified the +5 hand axe "Oqueb" {pain, rF+ Dex+2}
 42850 | Crypt:3  | Entered Level 3 of the Crypt
 43003 | Crypt:3  | Noticed a dread lich
 43008 | Crypt:3  | Killed a dread lich
 43013 | Crypt:3  | Found an ancient bone altar of Kikubaaqudgha.
 43058 | Crypt:3  | Identified the staff of Precise Incision {rPois Int+8
                  | Alchemy}
 43404 | Crypt:3  | Noticed Sojobo
 43422 | Crypt:3  | Noticed Xtahua
 43424 | Crypt:3  | Killed Sojobo
 43437 | Crypt:3  | Killed Xtahua
 43755 | Crypt:3  | Found a staircase to the Tomb.
 44108 | Depths:1 | Entered Level 1 of the Depths
 44108 | Depths:1 | Found an iron altar of Okawaru.
 44154 | Depths:1 | Identified the +0 falchion "Desmoi" {flame, rC++ Will-
                  | Dex+8}
 44264 | Depths:1 | Identified the ring of the Enchanting Hero {Ice Str+3}
 44288 | Depths:1 | Noticed a caustic shrike
 44298 | Depths:1 | Killed a caustic shrike
 44301 | Depths:1 | Noticed Mara
 44319 | Depths:1 | Reached XP level 23. HP: 189/237 MP: 22/22
 44326 | Depths:1 | Reached skill level 26 in Unarmed Combat
 44333 | Depths:1 | Noticed inti's illusion
 44335 | Depths:1 | Killed Mara
 44857 | Depths:1 | Found a gateway to Hell.
 45346 | Depths:2 | Identified the +5 whip of Watchfulness {freeze, rCorr
                  | Int+3}
 45475 | Depths:2 | Found a one-way gate leading to the halls of Pandemonium.
 45589 | Depths:2 | Found a one-way gateway to a ziggurat.
 45675 | Depths:2 | Found Wetupeacw's Jewellery Shop.
 45683 | Depths:2 | Found Itesk's Antique Weapon Shop.
 46542 | Depths:3 | Reached skill level 27 in Unarmed Combat
 46558 | Depths:3 | Reached XP level 24. HP: 250/250 MP: 22/22
 46859 | Depths:3 | Found Furugyf's Armour Shoppe.
 46929 | Depths:3 | Noticed a juggernaut
 46935 | Depths:3 | Killed a juggernaut
 46936 | Depths:3 | Reached skill level 18 in Shields
 46959 | Depths:3 | Found a runed translucent door.
 46961 | Depths:3 | Found a runed translucent door.
 46963 | Depths:3 | Found a runed translucent door.
 47303 | Depths:4 | Entered Level 4 of the Depths
 47598 | Depths:4 | Found a gate to the Realm of Zot.
 47692 | Depths:4 | Reached skill level 21 in Shapeshifting
 48115 | Depths:4 | Identified the maw talisman of the Past {*Corrode rC- rN+++
                  | Int+5}
 48831 | Slime:1  | Entered Level 1 of the Pits of Slime
 48831 | Slime:1  | Found a viscous altar of Jiyva.
 49109 | Slime:1  | Gained mutation: You occasionally lose the ability to read
                  | scrolls when taking damage. [a shining eye]
 49115 | Slime:1  | Gained mutation: Your body sometimes deteriorates upon
                  | taking damage. [a shining eye]
 49116 | Slime:1  | Reached skill level 1 in Translocations
 49346 | Slime:3  | Reached skill level 1 in Air Magic
 49361 | Slime:3  | Reached skill level 1 in Spellcasting
 49503 | Slime:4  | Gained mutation: You are clumsy. (Dex -2) [a shining eye]
 49759 | Slime:5  | Entered Level 5 of the Pits of Slime
 49776 | Slime:5  | Noticed the Royal Jelly
 49794 | Slime:5  | Killed the Royal Jelly
 49895 | Slime:5  | Reached XP level 25. HP: 262/262 MP: 20/25
 49928 | Slime:5  | Gained mutation: You have large cloven feet. [a shining
                  | eye]
 50026 | Slime:5  | Found the +9 staff of Olgreb {rPois∞}
 50033 | Slime:5  | Got Qasin's Incunabulum of the Boggart
 50052 | Slime:5  | Identified the orb of the Heavens {guile, Dex+3}
 50071 | Slime:5  | Got Sinil's Meditations on Generative Formulae
 50128 | Slime:5  | Got Cigotuvi's Notes on Necromancy
 50130 | Slime:5  | Got a slimy rune of Zot
 50463 | Slime:4  | Reached skill level 3 in Translocations
 51108 | D:8      | Lost mutation: You occasionally lose the ability to read
                  | scrolls when taking damage. [potion of mutation]
 51108 | D:8      | Lost mutation: You occasionally shout uncontrollably at
                  | your foes. [potion of mutation]
 51108 | D:8      | Lost mutation: You are clumsy. (Dex -2) [potion of
                  | mutation]
 51108 | D:8      | Gained mutation: You have a pair of small horns on your
                  | head. [potion of mutation]
 51108 | D:8      | Gained mutation: You are robust. (+10% HP) [potion of
                  | mutation]
 51109 | D:8      | Lost mutation: Your spells are a little easier to cast, but
                  | a little less powerful. [potion of mutation]
 51109 | D:8      | Lost mutation: You have a pair of small horns on your head.
                  | [potion of mutation]
 51109 | D:8      | Lost mutation: You have large cloven feet. [potion of
                  | mutation]
 51109 | D:8      | Gained mutation: You have hidden genetic potential. [potion
                  | of mutation]
 51109 | D:8      | Gained mutation: You are very robust. (+20% HP) [potion of
                  | mutation]
 51109 | D:8      | Gained mutation: You are resistant to electric shocks.
                  | (rElec) [potion of mutation]
 51406 | Vaults:5 | Entered Level 5 of the Vaults
 51413 | Vaults:5 | Reached skill level 3 in Air Magic
 51424 | Vaults:5 | Reached skill level 3 in Spellcasting
 51574 | Vaults:5 | Reached skill level 18 in Fighting
 51696 | Vaults:5 | Got Sif Muna's Atlas of Exhalation and Hexes
 51718 | Vaults:5 | Identified the amulet of Xufuanun {Acrobat rF- Dex+4}
 51860 | Vaults:5 | Reached skill level 21 in Shields
 52164 | Vaults:5 | Got a silver rune of Zot
 52293 | Vaults:5 | Found the ring of the Octopus King {HP+2 AC+2 EV+2 SH+2
                  | SInv}
 52309 | Vaults:5 | Found the +3 hat of Pondering {ponderous, Will+ MP+10
                  | Int+5}
 52869 | Zot:1    | Entered Level 1 of the Realm of Zot
 52940 | Zot:1    | Reached XP level 26. HP: 328/328 MP: 28/28
 53059 | Zot:1    | Found the +4 dragonskin cloak
 53059 | Zot:1    | Noticed Tiamat
 53065 | Zot:1    | Reached skill level 6 in Translocations
 53072 | Zot:1    | Killed Tiamat
 53078 | Zot:1    | Gained mutation: You are agile. (Dex +4, Str/Int -1)
                  | [hidden potential]
 53155 | Zot:1    | Noticed Parghit
 53159 | Zot:1    | Killed Parghit
 53711 | Zot:2    | Lost intelligence.
 54662 | Zot:2    | Noticed an orb of fire
 54665 | Zot:2    | Gained mutation: Your health recovers twice as slowly from
                  | being drained. [an orb of fire]
 54666 | Zot:2    | Noticed a dread lich
 54666 | Zot:2    | Killed an orb of fire
 54669 | Zot:2    | Killed a dread lich
 54958 | Zot:3    | Noticed an orb of fire
 54959 | Zot:3    | Gained mutation: Your body often deteriorates upon taking
                  | damage. [an orb of fire]
 54966 | Zot:3    | Gained mutation: You occasionally lose the ability to drink
                  | potions when taking damage. [an orb of fire]
 54968 | Zot:3    | Killed an orb of fire
 55838 | Zot:3    | Reached skill level 9 in Translocations
 55838 | Zot:3    | Reached XP level 27. HP: 345/345 MP: 28/28
 55959 | Zot:3    | Identified the ring of Equivalence {rElec rPois rN+ EV+5}
 56154 | Zot:4    | Gained mutation: You expend magic power (3 MP) to
                  | strengthen your wands. [hidden potential]
 56154 | Zot:4    | Lost mutation: You have hidden genetic potential. [hidden
                  | potential expressed]
 56566 | Zot:5    | Entered Level 5 of the Realm of Zot
 56734 | Zot:5    | Noticed an ancient lich
 56740 | Zot:5    | Noticed a dread lich
 56746 | Zot:5    | Noticed an orb of fire
 56751 | Zot:5    | Killed an ancient lich
 56754 | Zot:5    | Killed an orb of fire
 56756 | Zot:5    | Noticed a dread lich
 56757 | Zot:5    | Killed a dread lich
 56772 | Zot:5    | Killed a dread lich
 57259 | Zot:5    | Reached skill level 12 in Dodging
 57283 | Zot:5    | Noticed a dread lich
 57287 | Zot:5    | Killed a dread lich
 57288 | Zot:5    | Noticed an orb of fire
 57288 | Zot:5    | Noticed a dread lich
 57295 | Zot:5    | Killed an orb of fire
 57297 | Abyss:4  | Cast into level 4 of the Abyss (Killer Klown)
 57342 | Abyss:4  | Got an abyssal rune of Zot
 57367 | Abyss:4  | Found a corrupted altar of Lugonu.
 57378 | Zot:5    | Escaped the Abyss
 57382 | Zot:5    | Killed a dread lich
 57531 | Zot:5    | Lost mutation: Your body often deteriorates upon taking
                  | damage. [potion of mutation]
 57531 | Zot:5    | Lost mutation: You are resistant to electric shocks.
                  | (rElec) [potion of mutation]
 57531 | Zot:5    | Gained mutation: You sometimes lose the ability to drink
                  | potions when taking damage. [potion of mutation]
 57531 | Zot:5    | Gained mutation: Your spells are a little harder to cast,
                  | but a little more powerful. [potion of mutation]
 57531 | Zot:5    | Gained mutation: You are very agile. (Dex +8, Str/Int -2)
                  | [potion of mutation]
 57532 | Zot:5    | Lost mutation: You are very agile. (Dex +8, Str/Int -2)
                  | [potion of mutation]
 57532 | Zot:5    | Lost mutation: You are agile. (Dex +4, Str/Int -1) [potion
                  | of mutation]
 57532 | Zot:5    | Lost mutation: You are very robust. (+20% HP) [potion of
                  | mutation]
 57533 | Zot:5    | Lost mutation: Your spells are a little harder to cast, but
                  | a little more powerful. [potion of mutation]
 57533 | Zot:5    | Lost mutation: You sometimes lose the ability to drink
                  | potions when taking damage. [potion of mutation]
 57533 | Zot:5    | Gained mutation: You are partially covered in large bone
                  | plates. (SH +4) [potion of mutation]
 57533 | Zot:5    | Gained mutation: You are partially covered in iridescent
                  | scales. (AC +2) [potion of mutation]
 57534 | Zot:5    | Lost mutation: You are robust. (+10% HP) [potion of
                  | mutation]
 57534 | Zot:5    | Lost mutation: You are partially covered in large bone
                  | plates. (SH +4) [potion of mutation]
 57534 | Zot:5    | Lost mutation: You occasionally lose the ability to drink
                  | potions when taking damage. [potion of mutation]
 57534 | Zot:5    | Gained mutation: You are somewhat resistant to further
                  | mutation. [potion of mutation]
 57535 | Zot:5    | Got the Orb of Zot
 57548 | Zot:5    | Noticed Muce the pandemonium lord
 57618 | Zot:1    | Noticed Teenuam the pandemonium lord
 57635 | Zot:1    | Killed Teenuam the pandemonium lord
 57663 | Zot:1    | Learned a level 4 spell: Passage of Golubria
 57716 | Depths:2 | Noticed Tecaria the pandemonium lord
 57720 | Depths:2 | Killed Tecaria the pandemonium lord
 57731 | Depths:2 | Reached skill level 21 in Fighting
 57825 | D:13     | Noticed Yxinguo the pandemonium lord
 57829 | D:13     | Killed Yxinguo the pandemonium lord
 58077 | D:2      | Noticed Kusyr the pandemonium lord
 58082 | D:2      | Killed Kusyr the pandemonium lord
 58162 | D:$      | Escaped with the Orb!

Illustrated notes

Levels and vault maps discovered:
D:1:      kilobyte_arrival_exit_the_forest, layout_basic
D:2:      layout_basic, amcnicky_mini_corridor_feature, nrook_loot_triangle
D:3:      layout_rooms, mainiacjoe_overflow_surrounded_room,
          mainiacjoe_overflow_cross_hatched, grunt_temple_overflow_open,
          serial_shops, nicolae_shop_overgrown_old_shop,
          ebering_ecumenical_altar_webs, hex_intersection, minmay_joined_circles
D:4:      layout_cave_pods, minmay_temple_entry_antechambers,
          nicolae_stop_n_shop_2
D:5:      layout_basic, mainiacjoe_overflow_paths, trog_hazing_becter,
          kennysheep_little_box, lemuel_coloured_pillars_altar,
          nicolae_ossuary_entry_monument, minmay_starry_boxes
D:6:      layout_rooms, uniq_pikel
D:7:      wad_guarded_room, layout_cave_pods, enter_bailey_3, uniq_menkaure,
          uniq_prince_ribbit1, uniq_joseph
D:8:      layout_basic, dpeg_oklobed_lair, minmay_pinched_square, uniq_erica
D:9:      layout_loops_corners, orc_0_dummy, grunt_decor_fettered
D:10:     layout_long_grid, uniq_gastronok
D:11:     dragon1_lemuel, layout_basic, serial_shops, nicolae_shop_stone
D:12:     layout_stronghold, minivault_25
D:13:     layout_stronghold
D:14:     layout_gridville, ximxim_vaults_locker_room, serial_shops,
          kennysheep_mini_moat
D:15:     grunt_enter_depths_magical_seal, layout_basic, minmay_door_square,
          serial_shops, nicolae_shop_tiny_glass, grunt_ministairs_5,
          hellmonk_guarded_unrand_vines, uniq_jorgrun
Temple:   nicolae_temple_bog_church
Lair:1:   layout_long_grid, special_room [special_room_bee], beast_lair_carwin_3
Lair:2:   layout_cave_pods, elwin_shoals_entry_rooms, alex1729_snake_entry_snake
Lair:3:   layout_roguey, minmay_hedge_maze, lemuel_fruit_fields,
          infiniplex_staircase_pool
Lair:4:   layout_hall_layers, minmay_slime_entry_oklob_open
Lair:5:   hellmonk_lair_end_abyssal_woods, layout_layer_cave,
          gauntlet_entry_generic, grunt_megastairs_3, uniq_nessos
Shoals:1: layout_shoals, wheals_shoals_ruined_temple
Shoals:2: layout_shoals, nicolae_shoals_kraken_intersection
Shoals:3: cheibrodos_shoals_roost, layout_shoals,
          nicolae_shoals_square_sea_wall, nicolae_shop_gadgets, uniq_bai_suzhen
Shoals:4: shoals_end_hellmonk_lost_city, serial_shops
Snake:1:  layout_basic, grunt_megastairs_2, serial_bayou_shore_a
Snake:2:  layout_grid_maze, st_stairs_4, hangedman_snake_pattern,
          nicolae_snake_gridmaze_squiggle, serial_bayou_shore_b
Snake:3:  layout_rooms, gammafunk_ghost_necromancy, grunt_ministairs_6,
          minmay_shoptagon
Snake:4:  grunt_snake_rune_spirals, layout_concentric_octagons, serial_shops,
          nicolae_shop_gaudy_bauble
Slime:1:  layout_caves, basic_altar
Slime:2:  layout_caves
Slime:3:  layout_caves
Slime:4:  layout_caves
Slime:5:  slime_pit
Orc:1:    layout_caves
Orc:2:    pubby_orc_utopia, serial_shops, uniq_erolcha
Elf:1:    eino_elf_arrival_the_gate, layout_loops_corners,
          nicolae_elf_shapeshifter_party, nicolae_shop_overcharged_wands,
          grunt_megastairs_4, uniq_roxanne
Elf:2:    elven_hall_of_blades_hangedman_original
          [nicolae_blade_entry_hurt_lockers], layout_loops_ring,
          portal_ice_cave_entry_pillars_four, serial_shops,
          nicolae_shop_real_fake_doors, nicolae_wooded_promenade, drop_trap,
          onia_ninara_cookie
Elf:3:    minmay_elf_hall_statues, layout_geoelf_grid, serial_shops,
          nicolae_diamond_shop, minmay_shop_grove
Vaults:1: nicolae_vaults_stand_back, nicolae_vaults_network_periphery,
          nicolae_vaults_trapezoid_1, nicolae_vaults_angled_halls,
          ontoclasm_vaults_hangar, v_misc_14, v_misc_3,
          nicolae_vaults_taking_the_gang_shopping, nicolae_vaults_rhombus_6,
          nicolae_vaults_more_shelving_2, vaults_room_fours,
          layout_vaults_maze_snakey
Vaults:2: vaults_room_octagon, minmay_crypt_entry_necro_gods,
          nicolae_vaults_weapon_check, nicolae_vaults_six-pack, v_alt_pattern_5,
          nicolae_vaults_door_testing_chamber, nicolae_vaults_storage_closets_1,
          grunt_vaults_funnel, vaults_room_pools, vaults_dpeg_hooks,
          vaults_room_door_ring, layout_vaults_omnicross, uniq_aizul
Vaults:3: v_rooms_2, nicolae_vaults_shelves_hall,
          vaults_room_grunt_arrival_ludios, nicolae_vaults_stepped_doors,
          grunt_vaults_diagonal, dpeg_vaults_monster_box,
          vaults_dpeg_emergency_exit, ontoclasm_vaults_ring_small,
          layout_vaults_omnigrid, serial_shops, nicolae_shop_peninsula
Vaults:4: v_misc_2, vaults_mumra_chevron_long, vaults_room_grid,
          nicolae_vaults_big_ls, v_misc_8, ontoclasm_vaults_chip,
          vaults_room_fours, hangedman_vaults_locks, nicolae_vaults_theta,
          ontoclasm_vaults_twist, nicolae_vaults_little_squares_3, serial_ice_b,
          v_misc_12, layout_vaults_big_room, serial_shops, statue_bzr
Vaults:5
Crypt:1:  layout_regular_city, nicolae_crypt_grave_offerings, uniq_donald
Crypt:2:  layout_catacombs, st_stairs_3
Crypt:3:  cryptofortress_bobbens, uniq_sojobo, uniq_xtahua
Depths:1: nicolae_herringbone, layout_gridlike, rand_demon_pan_entry_7,
          hell_entry, chequers_decorated_corner, grunt_ministairs_8,
          serial_library_hellmonk_room_c, minmay_misc_feat_columns,
          minivault_11, chequers_serial_rivers_micro_b,
          chequers_serial_rivers_micro_c, okawaru_ov_weapons_minmay,
          uniq_saint_roka, uniq_mara
Depths:2: minmay_stepped, layout_gridville, enter_ziggurat_c,
          infiniplex_staircase_zigzag_5, hangedman_tar_grid_catacomb, pan_entry,
          minmay_shop_star
Depths:3: minmay_the_grid_triangle_9x9_line_8_mashed
          [minmay_the_grid_triangle_9x9_from_above,
          minmay_the_grid_triangle_9x9_empty,
          minmay_the_grid_triangle_9x9_semitri,
          minmay_the_grid_triangle_9x9_skeleton,
          minmay_the_grid_triangle_9x9_alien,
          minmay_the_grid_triangle_9x9_fully_insulated_deathbox,
          minmay_the_grid_triangle_9x9_sprig,
          minmay_the_grid_triangle_9x9_prize_schism], layout_gridlike,
          columned_hall_lemuel, abyss_entry_glasseish, hangedman_coc_ice_floe,
          serial_shops, shop
Depths:4: grunt_zot_entry_gee_three, layout_basic, lightli_too_deep,
          special_room [special_room_mythical_zoo],
          serial_library_hellmonk_room_a, minmay_fractal_squares_diagonal_5,
          serial_bayou_shore_b, serial_bayou_shore_b
Zot:1:    layout_cellular_growth, uniq_tiamat, uniq_parghit
Zot:2:    layout_concentric_octagons, st_stairs_9,
          regret_index_zotdec_barnacled_simple, hangedman_player_shredder
Zot:3:    minmay_elemental_castle, layout_gridlike, grunt_ministairs_13,
          st_stairs_10, hellmonk_greenhouse_of_terror
Zot:4:    layout_misc_corridors
Zot:5:    layout_gridlike

Skill      XL: |  1  2  3  4  5  6  7  8  9 10 11 12 13 14 15 16 17 18 19 20 21 22 23 24 25 26 27 |
---------------+----------------------------------------------------------------------------------+-----
Shields        | 3 4 5 6 7 8 9 10 11 12 13 14 15 16 17 19 21 22 | 22.4
Unarmed Combat | 3 4 5 6 8 9 11 12 14 15 17 18 21 22 23 24 25 27 | 27.0
Fighting       | 3 4 5 6 7 8 9 10 11 12 13 14 15 16 17 18 19 21 | 21.1
Dodging        | 3 4 5 6 7 8 9 14 | 14.3
Shapeshifting  | 1 11 15 16 17 18 19 20 21 22 23 | 23.3
Translocations | 2 5 9 11 | 11.1
Air Magic      | 2 4 |  4.4
Spellcasting   | 2 4 |  4.4

Action                     |  1- 3 |  4- 6 |  7- 9 | 10-12 | 13-15 | 16-18 | 19-21 | 22-24 | 25-27 || total
---------------------------+-------+-------+-------+-------+-------+-------+-------+-------+-------++-------
  Melee: Unarmed           |   101 |   123 |   464 |   719 |  1518 |  1399 |  1351 |  1467 |  1475 ||  8617
         Kick              |       |       |       |       |       |       |       |       |    23 ||    23
   Cast: Passage of Golubr |       |       |       |       |       |       |       |       |     1 ||     1
 Invoke: Serpent's Lash    |       |       |       |     1 |       |       |       |     1 |     1 ||     3
         Heavenly Storm    |       |       |       |       |       |     2 |       |       |     2 ||     4
Ability: Whirlwind         |       |       |   179 |   142 |   117 |   395 |   283 |   316 |   341 ||  1773
         Lunge             |       |       |    39 |    58 |    94 |   134 |   137 |   126 |   162 ||   750
         Wall Jump         |       |       |       |       |       |     1 |       |       |     1 ||     2
  Evoke: Wand              |       |       |       |       |     1 |       |       |     1 |     7 ||     9
         Phantom mirror    |       |       |       |       |     1 |       |       |       |       ||     1
    Use: Potion            |       |     1 |       |       |     1 |     2 |     1 |     1 |    10 ||    16
         Scroll            |       |     1 |    16 |     8 |     7 |     1 |     3 |     2 |     1 ||    39
   Stab: Sleeping          |       |       |     2 |    16 |    21 |     7 |     3 |     1 |     3 ||    53
         Distracted        |       |       |       |     3 |     1 |       |     1 |     2 |     3 ||    10
         Fleeing           |       |       |       |       |       |       |     1 |       |       ||     1
 Armour: Robe              |    53 |    83 |   154 |       |       |       |       |       |       ||   290
         Shadow dragon sca |       |       |     4 |   347 |   346 |       |       |       |       ||   697
         Troll leather arm |       |       |       |       |   212 |   299 |       |       |       ||   511
         Skin              |       |       |       |       |       |   269 |   521 |   516 |   476 ||  1782
  Dodge: Dodged            |    40 |    53 |   137 |   180 |   693 |   979 |   537 |   527 |   534 ||  3680
  Block: Kite shield       |    31 |    47 |   177 |   360 |   876 |   826 |   393 |       |       ||  2710
         Reflection        |       |       |       |       |    19 |       |       |       |       ||    19
         Tower shield      |       |       |       |       |       |       |   520 |  1491 |  1120 ||  3131
   Form: Statue            |       |       |       |       |       |     1 |       |       |       ||     1
